 Dungeon Crawl Stone Soup version 0.30-a0-965-g42e074c17a (webtiles) character file.

Game seed: 16623395133389113097

257 sircluck the Chopper (level 6, -6/53 HPs)
             Began as a Hill Orc Fighter on Mar 30, 2023.
             Was an Initiate of Beogh.
             Killed from afar by Grinder (19 damage)
             ... with a bolt of light
             ... on level 3 of the Dungeon.
             The game lasted 00:05:34 (2413 turns).

sircluck the Chopper (Hill Orc Fighter)             Turns: 2413, Time: 00:05:35

Health: -6/53      AC:  7    Str: 21    XL:     6   Next: 16%
Magic:  6/6        EV: 24    Int:  8    God:    Beogh [......]
Gold:   125        SH:  0    Dex: 10    Spells: 5/5 levels left

rFire   . . .      SeeInvis .    a - +0 war axe
rCold   . . .      Faith    .    c - +0 buckler
rNeg    . . .      Spirit   .    b - +0 scale mail
rPois   .          Reflect  .    (no helmet)
rElec   .          Rampage  .    (no cloak)
rCorr   .                        (no gloves)
Will    .....                    (no boots) Stlth
                                 f - amulet of the acrobat
HPRegen 0.28/turn                (no ring)
MPRegen 0.10/turn                (no ring)

@: confused, acrobatic
A: no striking features
a: Renounce Religion


You were on level 3 of the Dungeon.
You worshipped Beogh.
Beogh was noncommittal.
You visited 1 branch of the dungeon, and saw 3 of its levels.

You collected 125 gold pieces.

Inventory:

Hand Weapons
 a - a +0 war axe (weapon)
Missiles
 l - 8 stones (quivered)
 m - 4 atropa-tipped darts
Armour
 b - a +0 scale mail (worn)
 c - a +0 buckler (worn)
 k - a +0 scale mail
 n - a +0 pair of boots
Jewellery
 f - an amulet of the acrobat (around neck)
Scrolls
 g - 3 scrolls of teleportation
 h - 7 scrolls of identify
 i - a scroll of enchant armour {unknown}
 j - a scroll of vulnerability {unknown}
Potions
 d - a potion of might
 e - 2 potions of magic {unknown}


   Skills:
 + Level 4.7 Fighting
 + Level 5.2 Axes
 + Level 0.1 Throwing
 + Level 4.5 Armour
 + Level 1.1 Dodging
 + Level 0.2 Stealth
 + Level 4.0 Shields


You had 5 spell levels left.
You didn't know any spells.
Your spell library contained the following spells:

 Spells                   Type           Power      Damage    Failure   Level
 Call Canine Familiar     Summ           0%         N/A       99%         3
 Dazzling Flash           Conj/Hex       0%         N/A       99%         3
 Frozen Ramparts          Ice            0%         1d1       99%         3
 Portal Projectile        Hex/Tloc       0%         N/A       99%         3
 Ice Form                 Ice/Tmut       0%         N/A       100%        4
 Iskenderun's Mystic Bla  Conj/Tloc      0%         2d3       100%        4
 Leda's Liquefaction      Hex/Erth       0%         N/A       100%        4
 Summon Ice Beast         Ice/Summ       0%         N/A       100%        4
 Starburst                Conj/Fire      0%         6d3       100%        6


Dungeon Overview and Level Annotations

Branches:
Dungeon (3/15)

Altars:
Yredelemnul

Annotations:
D:3 Grinder


Message History

The orc hits you but does no damage. x2
You closely miss the orc.
The orc is severely wounded.
You closely miss the orc. You barely miss the orc. The orc misses you.
You block the orc's attack. The orc hits you with a +0 flail.
You closely miss the orc.
The orc is severely wounded.
You hit the orc. You hit the orc but do no damage. You block the orc's attack.
The orc hits you with a +0 falchion. The orc closely misses you.
The orc hits you but does no damage. The orc closely misses you. x2
You slash the orc!
You kill the orc!
Beogh accepts your kill.
You slash the orc!
You kill the orc!
Beogh accepts your kill.
You barely miss the orc. The orc closely misses you.
You slash the orc!
You kill the orc!
Beogh accepts your kill.
No target in view!
No target in view!
HP restored.
Items here: )) [ †.
You see here a +0 dagger.
There is an open door here.
Grinder comes into view.
She is carrying a wand of light (4).
Grinder shouts!
You slash Grinder!
Grinder is moderately wounded.
Grinder zaps a wand.
The bolt of light hits you!
You are confused.
You miss Grinder.
Grinder is moderately wounded.
Grinder zaps a wand.
The bolt of light hits you!!
You are more confused.
Grinder hits you.
You writhe in agony.
* * * LOW HITPOINT WARNING * * *
Grinder zaps a wand.
The bolt of light hits you!!
You die...

##.# #..#
#..# #.##
#.# #.#
#.# #.#
#@# #.#
#.5......
#.#######
#.# ###


You could see Grinder.

Vanquished Creatures
  Sigmund (D:2)
  3 adders (D:2)
  A worm (D:3)
  A dart slug (D:1)
  10 orcs (D:3)
  6 ball pythons
  6 bats
  6 endoplasms
  2 hobgoblins
  6 jackals (D:1)
  3 quokkas
  4 frilled lizards
  2 goblins (D:1)
  A kobold (D:2)
  2 rats
54 creatures vanquished.

Vanquished Creatures (others)
  An orc priest (D:3)
1 creature vanquished.

Grand Total: 55 creatures vanquished

Notes
Turn   | Place    | Note
-------+----------+-------------------------------------------
     0 | D:1      | sircluck the Hill Orc Fighter began the quest for the Orb.
     0 | D:1      | Reached XP level 1. HP: 19/19 MP: 1/1
    63 | D:1      | Reached XP level 2. HP: 25/27 MP: 2/2
   433 | D:1      | Reached skill level 3 in Axes
   637 | D:1      | Reached XP level 3. HP: 28/33 MP: 3/3
  1631 | D:2      | Found a basalt altar of Yredelemnul.
  1633 | D:2      | Noticed Sigmund
  1657 | D:2      | Killed Sigmund
  1658 | D:2      | Reached skill level 5 in Axes
  1658 | D:2      | Reached skill level 1 in Dodging
  1658 | D:2      | Reached XP level 4. HP: 21/41 MP: 4/4
  1658 | D:2      | Reached XP level 5. HP: 24/47 MP: 5/5
  1910 | D:2      | Reached XP level 6. HP: 53/53 MP: 6/6
  2201 | D:3      | Became a worshipper of Beogh the Brigand
  2410 | D:3      | Noticed Grinder
  2413 | D:3      | Killed from afar by Grinder

Illustrated notes

Levels and vault maps discovered:
D:1:      erik_arrival_triangle_medium, layout_basic
D:2:      layout_loops_ring, basic_altar, kennysheep_generic_room_4,
          uniq_sigmund
D:3:      layout_basic, minivault_25, uniq_grinder

Skill      XL: |  1  2  3  4  5 |
---------------+----------------+-----
Fighting       | 4 |  4.7
Axes           | 3 5 |  5.2
Armour         | 4 |  4.5
Dodging        | 1 |  1.1
Shields        | 4 |  4.0
Throwing       | |  0.1
Stealth        | |  0.2

Action                     |  1- 3 |  4- 6 || total
---------------------------+-------+-------++-------
  Melee: War axe           |    89 |    49 ||   138
  Throw: Stone             |     5 |       ||     5
 Invoke: Convert to Beogh  |       |     1 ||     1
    Use: Potion            |     2 |       ||     2
         Scroll            |     1 |       ||     1
 Armour: Scale mail        |    41 |    16 ||    57
  Dodge: Dodged            |    51 |    24 ||    75
  Block: Buckler           |    29 |     8 ||    37

Table legend: (Time is in decaauts)
 A = Elapsed time spent in this place.
 B = Non-inter-level travel time spent in this place.
 C = Inter-level travel time spent in this place.
 D = Time resting spent in this place.
 E = Time spent auto-exploring this place.
 F = Levels seen in this place.
 G = Mean time per level.
                   A        B        C        D        E       F      G
               +--------+--------+--------+--------+--------+-----+--------+
         Total |   2462 |   2265 |    197 |      0 |   1725 |   3 |  820.7 |
       Dungeon |   2462 |   2265 |    197 |      0 |   1725 |   3 |  820.7 |
               +--------+--------+--------+--------+--------+-----+--------+

Top non-repeatable levels by time:
     D:1: 1194 daAuts
     D:2: 963 daAuts
     D:3: 304 daAuts
